 Dungeon Crawl Stone Soup version 0.23-b1-13-gf37ab262a9 (webtiles) character file.

Game seed: 9379310653826257739

5780 Oravi the Cleaver (level 10, -7/99 HPs)
             Began as a Naga Warper on Feb 2, 2019.
             Was a Follower of Cheibriados.
             Mangled by Erolcha
             ... wielding a +0 giant club
              (26 damage)
             ... on level 9 of the Dungeon.
             The game lasted 00:59:26 (12364 turns).

Oravi the Cleaver (Naga Warper)                    Turns: 12364, Time: 00:59:26

Health: -7/99      AC: 13    Str: 17    XL:     10   Next: 78%
Magic:  13/13      EV:  9    Int: 24    God:    Cheibriados [*.....]
Gold:   388        SH:  0    Dex: 16    Spells: 3/13 levels left

rFire    + . .     SeeInvis +   a - +0 hand axe
rCold    . . .     Gourm    .   (no shield)
rNeg     + . .     Faith    .   t - +0 acid dragon scales
rPois    +         Spirit   .   I - +0 helmet
rElec    .         Reflect  .   h - +1 cloak {+Inv}
rCorr    +         Harm     .   j - +1 pair of gloves
MR       ++++.     Clarity  +   (no barding)
Stlth    ..........             O - amulet of the Four Winds {rN+ MR+++ Clar}
HPRegen  0.26/turn              N - +3 ring of intelligence
MPRegen  0.13/turn              H - ring of protection from fire

@: confused, very slow
A: large, claws 1, see invisible, agile 1, clever 1, deformed body, poison
resistance, slowness 2, slow metabolism 1, spit poison 1, AC +3
a: Spit Poison, Bend Time, Renounce Religion, Evoke Invisibility


You were on level 9 of the Dungeon.
You worshipped Cheibriados.
Cheibriados was aware of your devotion.
You were not hungry.

You visited 2 branches of the dungeon, and saw 10 of its levels.
You also visited: Ossuary.

You collected 388 gold pieces.

Inventory:

Hand Weapons
 a - a +0 hand axe (weapon)
 b - a +1 hunting sling
 d - a +4 short sword of freezing
 w - a +0 blowgun
 C - a +4 quarterstaff of chaos
 K - a +2 falchion of flaming
Missiles
 e - 2 tomahawks of dispersal
 g - 3 curare-tipped needles {!f}
 k - 247 stones
 o - 23 sling bullets
 r - 49 poisoned needles
 u - 6 bolts
 x - 107 arrows
 R - 2 throwing nets (quivered) {!f}
Armour
 h - a +1 cloak of invisibility (worn)
 j - a +1 pair of gloves (worn)
 n - a +0 ring mail
 q - a +1 scale mail of cold resistance
 s - a +0 leather armour
 t - +0 acid dragon scales (worn)
 F - a +0 chain mail
 I - a +0 helmet (worn)
 J - a cursed +0 leather armour
Jewellery
 H - a ring of protection from fire (right hand)
 N - a +3 ring of intelligence (left hand)
 O - the amulet of the Four Winds (around neck) {rN+ MR+++ Clar}
   (You found it on level 6 of the Dungeon)

   [amulet of nothing]

   It protects you from negative energy.
   It affects your resistance to hostile enchantments.
   It protects you against confusion.
Wands
 D - a wand of paralysis (9)
 G - a wand of digging (14)
 P - a wand of disintegration (20)
Scrolls
 i - a scroll of teleportation
 l - 4 scrolls of enchant armour
 m - 2 scrolls of enchant weapon
 p - a scroll of remove curse {@r2}
 y - a scroll of noise {unknown}
 z - 2 scrolls of magic mapping {unknown}
 A - a scroll of torment {unknown}
 E - a scroll of amnesia {unknown}
 L - a scroll of identify {@r1}
 M - a scroll of immolation {unknown}
Potions
 c - 2 potions of brilliance
 v - 2 potions of degeneration
 Q - a potion of lignification {unknown}
Comestibles
 f - 13 rations
 S - 4 chunks of flesh


   Skills:
 + Level 9.1 Fighting
 + Level 9.5 Axes
 - Level 0.9 Throwing
 + Level 4.8 Armour
 - Level 1.5 Dodging
 - Level 2.0 Spellcasting
 - Level 2.3 Charms
 - Level 6.0 Translocations
 + Level 4.4 Invocations


You had 3 spell levels left.
You knew the following spells:

 Your Spells              Type           Power        Failure   Level  Hunger
a - Blink                 Tloc           N/A          1%          2    ##.....
b - Shroud of Golubria    Chrm/Tloc      ###.......   4%          2    ##.....
c - Gell's Gravitas       Tloc           ####......   4%          3    ###....
d - Lesser Beckoning      Tloc           ####......   4%          3    ###....

Your spell library contained the following spells:

 Spells                   Type           Power        Failure   Level  Hunger
 Teleport Other           Tloc           ####....     4%          3    ###....
 Passage of Golubria      Tloc           N/A          13%         4    #####..


Dungeon Overview and Level Annotations

Branches:
Dungeon (9/15)             Temple (1/1) D:7            Lair (0/6) D:8
    Orc (0/2) D:9

Altars:
Ashenzari
Cheibriados
Dithmenos
Elyvilon
Fedhas
Gozag
Hepliaklqana
Kikubaaqudgha
Makhleb
Nemelex Xobeh
Okawaru
Qazlal
Ru
Sif Muna
Trog
Wu Jian
Xom
Zin
The Shining One

Shops:
D:5 ?   D:6 *

Annotations:
D:7 1 runed translucent door
D:8 exclusion: 2 doors
D:9 Erolcha


Innate Abilities, Weirdness & Mutations

You cannot wear boots.
Your serpentine skin is tough. (AC +3)
You have supernaturally acute eyesight. (SInv)
Armour fits poorly on your strangely shaped body.
Your system is resistant to poisons. (rPois)
You cover ground very slowly.
You have a slow metabolism.
You can spit poison.
You have sharp fingernails.
You are agile. (Dex +2)
Your mind is acute. (Int +2)


Message History

Firing (i - inventory. (/) - cycle)
o - 23 sling bullets (quivered)
Aim: Erolcha, wielding a +0 giant club and wearing a +0 robe (severely wounded, fast)
Okay, then.
The flow of time bends around you.
You feel slightly more hungry.
Cheibriados lowers the support of your attributes as your movement quickens.
a - a +0 hand axe (weapon)
Erolcha hits you with a +0 giant club!!
* * * LOW HITPOINT WARNING * * *
You are confused.
You feel invigorated. Erolcha hits you with a +0 giant club.
* * * LOW HITPOINT WARNING * * *
You have got your breath back.
Erolcha hits you with a +0 giant club!!
* * * LOW HITPOINT WARNING * * *
Erolcha barely misses you.
You're too confused to move!
Erolcha hits you with a +0 giant club!
* * * LOW HITPOINT WARNING * * *
Erolcha screams, "DIE!"
Erolcha barely misses you. Erolcha hits you with a +0 giant club!!
You die...

######### #.......#
#.......###############
##....((((.(............
.........######.........
.......(.'....#O@###+#..
........('....#..#
.........#.. #..#
.........# . #..#
..####'#.# #..#
...####+###
..#....#.######..#
#...#.......
..#....#.........#
#..##......>
..#....#.........#
#..#........
..#..>.#.........#
#..#........


You could see Erolcha.

Vanquished Creatures
  Harold (D:7)
  Pikel (D:6)
  A troll (D:9)
  Prince Ribbit (D:8)
  2 dream sheep (D:8)
  2 yaks (D:8)
  Eustachio (D:3)
  A hungry ghost (D:7)
  An acid dragon (D:7)
  2 water moccasins
  3 sky beasts (D:5)
  Duvessa (D:5)
  3 ice beasts
  A necrophage (D:6)
  A slave (D:6)
  2 ogres (D:6)
  3 centaurs
  2 big kobolds (D:8)
  4 bullfrogs
  2 scorpions (D:8)
  Dowan (D:5)
  7 killer bees
  A howler monkey (D:6)
  2 crimson imps
  A centaur zombie (D:5)
  A hound (D:4)
  A jelly (D:7)
  Crazy Yiuf (D:6)
  2 orc priests
  5 orc wizards
  2 iguanas
  5 worker ants
  A killer bee zombie (D:8)
  3 big kobold zombies (Ossuary)
  A mummy (Ossuary)
  A howler monkey zombie (D:9)
  A worker ant zombie (D:6)
  12 adders
  4 shadow imps
  2 oozes
  A worm (D:3)
  2 dart slugs
  8 leopard geckos
  19 orcs
  3 spectral bats (Ossuary)
  3 ball pythons
  9 bats
  A giant cockroach (D:2)
  9 hobgoblins
  2 jackals (D:1)
  7 quokkas
  3 bat simulacra (Ossuary)
  4 frilled lizards
  9 gnoll zombies (Ossuary)
  6 goblins
  4 goblin simulacra (Ossuary)
  6 goblin zombies
  7 hobgoblin zombies
  5 kobolds
  2 kobold simulacra (Ossuary)
  A kobold skeleton (D:4)
  6 kobold zombies
  A leopard gecko skeleton (D:6)
  4 orc skeletons (D:4)
  7 orc zombies (Ossuary)
  2 quokka skeletons
  A quokka zombie (D:5)
  6 rats
  A rat simulacrum (Ossuary)
  6 spectral goblins (Ossuary)
  4 spectral rats (Ossuary)
238 creatures vanquished.

Vanquished Creatures (others)
  2 slaves (D:7)
  A killer bee (D:7)
  A crimson imp (D:7)
  A quokka (D:7)
  A bat simulacrum (Ossuary)
  A goblin simulacrum (Ossuary)
  A kobold simulacrum (Ossuary)
  A spectral goblin (Ossuary)
9 creatures vanquished.

Grand Total: 247 creatures vanquished

Notes
Turn   | Place    | Note
-------+----------+-------------------------------------------
     0 | D:1      | Oravi the Naga Warper began the quest for the Orb.
     0 | D:1      | Reached XP level 1. HP: 19/19 MP: 3/3
   456 | D:1      | Reached XP level 2. HP: 26/26 MP: 5/5
   460 | D:1      | Learned a level 2 spell: Blink
   463 | D:1      | Learned a level 2 spell: Shroud of Golubria
   960 | D:2      | Reached XP level 3. HP: 14/32 MP: 1/6
  1454 | D:2      | Reached XP level 4. HP: 39/39 MP: 7/7
  1843 | D:3      | Found a shattered altar of Ashenzari.
  2005 | D:3      | Reached XP level 5. HP: 34/46 MP: 1/8
  2258 | D:3      | Noticed an angel
  2260 | D:3      | Found a shimmering altar of Xom.
  2263 | D:3      | Found a glowing silver altar of Zin.
  3060 | D:4      | Noticed Eustachio
  3063 | D:4      | Reached XP level 6. HP: 55/56 MP: 9/9
  3144 | D:3      | Killed Eustachio
  3385 | D:4      | Found a sand-covered staircase.
  3390 | Ossuary  | Entered an ossuary
  3628 | Ossuary  | Reached skill level 5 in Axes
  3851 | Ossuary  | Reached XP level 7. HP: 52/64 MP: 10/10
  4137 | D:4      | Found a glowing golden altar of the Shining One.
  4333 | D:4      | Found a deep blue altar of Sif Muna.
  4352 | D:4      | Reached skill level 5 in Translocations
  4606 | D:5      | Entered Level 5 of the Dungeon
  4810 | D:5      | Reached skill level 1 in Armour
  4838 | D:5      | Reached skill level 5 in Fighting
  4838 | D:5      | Reached XP level 8. HP: 22/74 MP: 7/11
  5212 | D:5      | Found Cifopp's Magic Scroll Emporium.
  5731 | D:5      | Noticed Duvessa
  5731 | D:5      | Noticed Dowan
  5780 | D:5      | Killed Dowan
  6098 | D:6      | Found an opulent altar of Gozag.
  6707 | D:6      | Reached XP level 9. HP: 65/85 MP: 12/12
  6730 | D:6      | Found a shadowy altar of Dithmenos.
  6836 | D:6      | Found an ornate altar of the Wu Jian Council.
  6836 | D:6      | Found a blossoming altar of Fedhas.
  6836 | D:6      | Found an ancient bone altar of Kikubaaqudgha.
  6836 | D:6      | Found a deep blue altar of Sif Muna.
  6839 | D:6      | Found a bloodstained altar of Trog.
  6935 | D:6      | Found an opulent altar of Gozag.
  6936 | D:6      | Found Gozag's Platinum Reserve.
  7058 | D:6      | Learned a level 3 spell: Gell's Gravitas
  7062 | D:6      | Learned a level 3 spell: Lesser Beckoning
  7066 | D:6      | Found the amulet of the Four Winds {rN+ MR+++ Clar}
  7104 | D:6      | Found a runed translucent door.
  7105 | D:6      | Noticed Crazy Yiuf
  7326 | D:7      | Reached skill level 1 in Charms
  7481 | D:7      | HP: 4/86 [poisoned by a killer bee]
  7488 | D:7      | HP: 4/86 [poisoned by a killer bee]
  7496 | D:7      | HP: 4/86 [poisoned by a killer bee]
  7780 | D:7      | Noticed Harold
  7789 | D:7      | Noticed Pikel
  8062 | D:6      | Killed Pikel
  8431 | D:7      | Found a staircase to the Ecumenical Temple.
  8440 | Temple   | Entered the Ecumenical Temple
  8517 | Temple   | Became a worshipper of Cheibriados the Contemplative
  8577 | D:7      | Found a runed translucent door.
  8578 | D:7      | Noticed a sixfirhy
  9137 | D:7      | Gained mutation: You are agile. (Dex +2) [potion of
                  | mutation]
  9137 | D:7      | Gained mutation: You have sharp fingernails. [potion of
                  | mutation]
  9137 | D:7      | Gained mutation: Your mind is acute. (Int +2) [potion of
                  | mutation]
  9388 | D:8      | Found a staircase to the Lair.
  9441 | D:8      | Noticed Prince Ribbit
  9455 | D:8      | Killed Prince Ribbit
  9455 | D:8      | Reached skill level 1 in Invocations
  9455 | D:8      | Reached XP level 10. HP: 80/96 MP: 10/13
  9834 | D:8      | Reached * piety under Cheibriados
  9896 | D:8      | Found an iron altar of Okawaru.
 10021 | D:8      | HP: 3/98 [yak (5)]
 10719 | D:8      | Found a burning altar of Makhleb.
 10719 | D:8      | Found a white marble altar of Elyvilon.
 10890 | D:7      | Killed Harold
 11097 | D:5      | Killed Duvessa
 11286 | D:6      | Killed Crazy Yiuf
 11748 | D:9      | Found a staircase to the Orcish Mines.
 12207 | D:9      | Reached ** piety under Cheibriados
 12340 | D:9      | Noticed Erolcha
 12364 | D:9      | Mangled by Erolcha

Skill      XL: |  1  2  3  4  5  6  7  8  9 10 |
---------------+-------------------------------+-----
Axes           | 3 4 5 7 8 9 |  9.5
Fighting       | 3 4 5 7 8 9 |  9.1
Translocations | 4 5 6 |  6.0
Armour         | 1 2 3 4 |  4.8
Charms         | 2 |  2.3
Invocations    | 1 4 |  4.4
Throwing       | |  0.9
Dodging        | |  1.5
Spellcasting   | |  2.0

Action                   |  1- 3 |  4- 6 |  7- 9 | 10-12 || total
-------------------------+-------+-------+-------+-------++-------
Melee: Hand axe          |    90 |   179 |   429 |   191 ||   889
 Fire: Hunting sling     |    43 |   185 |   255 |    84 ||   567
Throw: Tomahawk          |       |       |       |     3 ||     3
       Throwing net      |       |       |       |     2 ||     2
       Stone             |       |       |       |     1 ||     1
 Cast: Shroud of Golubri |     4 |     6 |    20 |     2 ||    32
       Blink             |     1 |     1 |    19 |     6 ||    27
Invok: Bend Time         |       |       |       |     9 ||     9
 Abil: Spit Poison       |     6 |    11 |    27 |    17 ||    61
  Use: Scroll            |     5 |     1 |     6 |     2 ||    14
       Potion            |       |       |    15 |     5 ||    20
 Stab: Held in net/web   |       |       |       |     1 ||     1
  Eat: Chunk             |     2 |     4 |    11 |     7 ||    24
       Ration            |       |     1 |     5 |       ||     6
Armor: Leather armour    |     4 |       |       |       ||     4
       Ring mail         |    36 |    36 |       |       ||    72
       Scale mail        |       |   100 |   354 |       ||   454
       Acid dragon scale |       |       |     7 |    97 ||   104
Dodge: Dodged            |    59 |   116 |   243 |   101 ||   519
